 Dungeon Crawl Stone Soup version 0.30.1-11-g7821555f0a (webtiles) character file.

Game seed: 10340192737229566536

19 Peloso the Covered (level 2, 29/29 HPs)
             Began as a Minotaur Fighter on Dec 9, 2023.
             Got out of the dungeon alive.
             The game lasted 00:01:29 (673 turns).

Peloso the Covered (Minotaur Fighter)                Turns: 673, Time: 00:01:30

Health: 29/29      AC:  7    Str: 20    XL:     2   Next: 55%
Magic:  1/1        EV:  9    Int:  5    God:
Gold:   66         SH:  4    Dex:  9    Spells: 1/1 levels left

rFire   . . .        a - +0 long sword
rCold   . . .        c - +0 buckler
rNeg    . . .        b - +0 scale mail
rPois   .            (helmet unavailable)
rElec   .            (no cloak)
rCorr   .            (no gloves)
SInv    .            (no boots)
Will    +....        (no amulet) Stlth
                     (no ring)
HPRegen 0.24/turn    (no ring)
MPRegen 0.07/turn

%: no passive effects
@: no status effects
A: horns 3, retaliatory headbutt, strong-willed 1, robust 1
a: no special abilities


You escaped.
You visited 1 branch of the dungeon, and saw 1 of its levels.

You collected 66 gold pieces.

Inventory:

Hand Weapons
 a - a +0 long sword (weapon)
Armour
 b - a +0 scale mail (worn)
 c - a +0 buckler (worn)
Scrolls
 e - 2 scrolls of blinking {unknown}
 g - a scroll of immolation {unknown}
Potions
 d - a potion of might


   Skills:
 + Level 4.0 Fighting
 + Level 2.6 Long Blades
 + Level 4.0 Armour
 + Level 4.0 Shields


You had one spell level left.
You didn't know any spells.
Your spell library contained the following spells:

 Spells                   Type           Power      Damage    Failure   Level
 Blink                    Tloc           0%         N/A       95%         2
 Lesser Beckoning         Tloc           0%         N/A       95%         2
 Momentum Strike          Conj/Tloc      0%         3d8       95%         2
 Sublimation of Blood     Necr           0%         N/A       95%         2
 Wereblood                Tmut           0%         N/A       95%         2
 Summon Hydra             Summ           0%         N/A       100%        7


Dungeon Overview and Level Annotations

Branches:
Dungeon (1/15)

Altars:


Innate Abilities, Weirdness & Mutations

You have a pair of large horns on your head.
You reflexively headbutt those who attack you in melee.
You are strong-willed. (Will+)
You are robust. (+10% HP)


Message History

You kill the hobgoblin!
Your Fighting skill increases to level 4!
You see here a hobgoblin corpse.
You now have 66 gold pieces (gained 12).
A ball python comes into view.
The ball python hisses angrily.
A ball python is nearby!
A ball python is nearby!
A ball python is nearby!
The ball python closely misses you. The ball python grabs you.
The ball python constricts you. The ball python barely misses you.
The ball python constricts you.
You barely miss the ball python. Your headbutt misses the ball python.
The ball python closely misses you. The ball python constricts you.
You barely miss the ball python.
The ball python bites you but does no damage.
The ball python constricts you. The ball python closely misses you.
The ball python constricts you.
You slash the ball python!
You kill the ball python!
There is a stone staircase leading down here.
There is a stone staircase leading down here.
You see here a +0 short sword.
You open the door.
There is an open door here.
You see here 6 stones.
You see here a +0 ring mail.
Done exploring.
Done exploring.
Done exploring.
Done exploring.
Okay, then.
It was a potion of mutation.
You feel extremely strange.
You feel strong-willed.
You feel robust. The horns on your head grow some more.
(D) Dungeon
Where to? (? - help)
What level of the Dungeon? (default 1, ? - help)
There is a staircase leading out of the dungeon here.
Are you sure you want to leave the Dungeon?
This will make you lose the game!
You have escaped!

##.......##........#
#.........
#.........######...#
#)........
#....8....##..(#...#
#.......##
#..........[.#...###
#.........
##.......#########
#.........
###...######...###
#######... ####.###
##.......## #...
###...### #.........#
#...
#.......####....@....#
#...
.........##..........#
#...
....8......##.......##
####
.........######...###
#.......## #####
###...### ##### ######
.....#


There were no monsters in sight!

Vanquished Creatures
  A bat (D:1)
  2 endoplasms (D:1)
  A giant cockroach (D:1)
  4 hobgoblins (D:1)
  5 ball pythons (D:1)
  A frilled lizard (D:1)
  2 kobolds (D:1)
  2 rats (D:1)
18 creatures vanquished.

Notes
Turn   | Place    | Note
-------+----------+-------------------------------------------
     0 | D:1      | Peloso the Minotaur Fighter began the quest for the Orb.
     0 | D:1      | Reached XP level 1. HP: 19/19 MP: 0/0
   208 | D:1      | Reached XP level 2. HP: 27/27 MP: 1/1
   658 | D:1      | Gained mutation: You are strong-willed. (Will+) [potion of
                  | mutation]
   658 | D:1      | Gained mutation: You are robust. (+10% HP) [potion of
                  | mutation]
   658 | D:1      | Gained mutation: You have a pair of large horns on your
                  | head. [potion of mutation]
   673 | D:$      | Got out of the dungeon alive.

Illustrated notes

Levels and vault maps discovered:
D:1:      dpeg_arrival_three_same_balls, layout_basic,
          amcnicky_mini_corridor_feature, minivault_14

Skill      XL: |  1  2 |
---------------+-------+-----
Armour         | 4 |  4.0
Shields        | 4 |  4.0
Fighting       | 4 |  4.0
Long Blades    | |  2.6

Action                     || total
---------------------------++-------
  Melee: Long sword        ||    37
         Headbutt          ||     2
    Use: Potion            ||     1
 Armour: Scale mail        ||    18
  Dodge: Dodged            ||    14
  Block: Buckler           ||     8
